 Dungeon Crawl Stone Soup version 0.30-a0-557-ge2afbf3030 (webtiles) character file.

Game seed: 3766147563736091818

75 greasedhog the Trooper (level 4, -2/38 HPs)
             Began as a Merfolk Fighter on Dec 28, 2022.
             Slain by Sigmund
             ... wielding a +0 scythe
              (6 damage)
             ... on level 2 of the Dungeon.
             The game lasted 00:01:28 (889 turns).

greasedhog the Trooper (Merfolk Fighter)             Turns: 889, Time: 00:01:28

Health: -2/38      AC:  5    Str: 18    XL:     4   Next: 31%
Magic:  4/4        EV: 10    Int:  7    God:
Gold:   91         SH:  4    Dex: 13    Spells: 3/3 levels left

rFire   . . .      SeeInvis .    a - +0 trident
rCold   . . .      Faith    .    c - +0 buckler
rNeg    . . .      Spirit   .    i - +0 ring mail
rPois   .          Reflect  .    (no helmet)
rElec   .          Harm     .    (no cloak)
rCorr   .          Rampage  .    (no gloves)
Will    .....                    (no boots)
Stlth   +                        (no amulet)
HPRegen 0.26/turn                (no ring)
MPRegen 0.09/turn                (no ring)

@: mighty, attractive
A: (nimble swimmer 2), mertail
a: no special abilities


You were on level 2 of the Dungeon.
You visited 1 branch of the dungeon, and saw 2 of its levels.

You collected 91 gold pieces.

Inventory:

Hand Weapons
 a - a +0 trident (weapon)
Missiles
 b - 4 boomerangs of dispersal (quivered)
Armour
 c - a +0 buckler (worn)
 i - a +0 ring mail (worn)
Potions
 e - a potion of attraction
 f - a potion of lignification {unknown}
 g - 2 potions of heal wounds {unknown}
 h - a potion of curing {unknown}
 j - a potion of brilliance {unknown}


   Skills:
 * Level 4.5 Fighting
 * Level 4.5 Polearms
 - Level 2.1 Armour
 - Level 3.0 Shields


You had 3 spell levels left.
You didn't know any spells.
Your spell library was empty.

Dungeon Overview and Level Annotations

Branches:
Dungeon (2/15)

Altars:
The Shining One

Annotations:
D:2 Sigmund


Innate Abilities, Weirdness & Mutations

((You are very nimble when in or above water. (Stealth+, EV+, Speed+++)))
Your lower body shifts to a powerful aquatic tail in water.


Message History

Press: ? - help, Q - select action Shift-Dir - straight line You throw a boomerang of dispersal.
Something hits you!
The frilled lizard unfolds its giant frill.
You block the frilled lizard's attack.
You hit the frilled lizard.
You kill the frilled lizard!
Something hits you!
You feel very mighty all of a sudden.
Reach: a) +0 trident
Press: ? - help, Dir - move target You reach to attack!
You attack empty space.
You hear some strange, mumbled words.
Something tries to affect you, but you resist.
Reach: a) +0 trident
Press: ? - help, Dir - move target You reach to attack!
You puncture something!
You hear some strange, mumbled words.
A puff of flame appears from out of thin air!
The puff of flame hits you.
Reach: a) +0 trident
Press: ? - help, Dir - move target You reach to attack!
You closely miss something. Something hits you!
* * * LOW HITPOINT WARNING * * *
It was a potion of attraction.
You feel attractive to monsters. Something is attracted toward you.
Something hits you.
* * * LOW HITPOINT WARNING * * *
You hear some strange, mumbled words.
A puff of flame appears from out of thin air!
The puff of flame hits you.
* * * LOW HITPOINT WARNING * * *
Something is attracted toward you.
You miss something. You block something's attack.
You barely miss something. Something hits you but does no damage.
You puncture something! You barely miss something.
Something completely misses you.
You barely miss something. Something hits you.
You die...

... #...# ... ...
#.# ... # #.# #<# #.
##.######.# .####
###......##<# ...
...#........# #§#
.....÷....########.#
####.._.........@{.#
#......##########
#......# ##.##..#
#.##.># #.##..#
#####.....#
......###.# ...##.#
#.#


There were no monsters in sight!

Vanquished Creatures
  2 adders (D:2)
  2 dart slugs (D:1)
  6 endoplasms
  3 giant cockroaches (D:1)
  5 goblins
  5 hobgoblins
  7 jackals (D:1)
  3 ball pythons (D:1)
  3 bats (D:2)
  5 frilled lizards
  4 kobolds
  4 rats
49 creatures vanquished.

Notes
Turn   | Place    | Note
-------+----------+-------------------------------------------
     0 | D:1      | greasedhog the Merfolk Fighter began the quest for the Orb.
     0 | D:1      | Reached XP level 1. HP: 18/18 MP: 1/1
    89 | D:1      | Reached XP level 2. HP: 24/24 MP: 2/2
   281 | D:1      | Reached XP level 3. HP: 28/30 MP: 3/3
   632 | D:2      | Found a glowing golden altar of the Shining One.
   745 | D:2      | Reached XP level 4. HP: 38/38 MP: 4/4
   873 | D:2      | Noticed Sigmund
   889 | D:2      | Slain by Sigmund

Illustrated notes

Levels and vault maps discovered:
D:1:      matt_arrival_grand_opening, layout_rooms
D:2:      layout_loops_ring, basic_altar, ebering_ecumenical_altar_mist,
          uniq_sigmund, uniq_crazy_yiuf_cottage

Skill      XL: |  1  2  3 |
---------------+----------+-----
Polearms       | 3 4 |  4.5
Fighting       | 4 |  4.5
Armour         | |  2.1
Shields        | |  3.0

Action                   |  1- 3 |  4- 6 || total
-------------------------+-------+-------++-------
Melee: Trident           |   132 |    35 ||   167
Throw: Boomerang         |       |     2 ||     2
  Use: Scroll            |       |     2 ||     2
       Potion            |       |     2 ||     2
Armor: Scale mail        |    45 |       ||    45
       Ring mail         |     4 |     8 ||    12
Dodge: Dodged            |    61 |     9 ||    70
Block: Buckler           |    22 |     4 ||    26

Table legend: (Time is in decaauts)
 A = Elapsed time spent in this place.
 B = Non-inter-level travel time spent in this place.
 C = Inter-level travel time spent in this place.
 D = Time resting spent in this place.
 E = Time spent auto-exploring this place.
 F = Levels seen in this place.
 G = Mean time per level.
                   A        B        C        D        E       F      G
               +--------+--------+--------+--------+--------+-----+--------+
         Total |    915 |    885 |     30 |      0 |    588 |   2 |  457.5 |
       Dungeon |    915 |    885 |     30 |      0 |    588 |   2 |  457.5 |
               +--------+--------+--------+--------+--------+-----+--------+

Top non-repeatable levels by time:
     D:1: 650 daAuts
     D:2: 265 daAuts
